 Dungeon Crawl Stone Soup version 0.30-a0-782-ge64f9170bb (webtiles) character file.

Game seed: 15688242360189485466

55 HoaS the Shooter (level 3, -1/29 HPs)
             Began as a Demigod Hunter on Mar 8, 2023.
             Slain by an orc
             ... wielding a +0 whip
              (2 damage)
             ... on level 2 of the Dungeon.
             The game lasted 00:02:15 (1919 turns).

HoaS the Shooter (Demigod Hunter)                   Turns: 1919, Time: 00:02:16

Health: -1/29      AC:  3    Str: 18    XL:     3   Next: 45%
Magic:  5/5        EV: 12    Int: 11    God:
Gold:   60         SH:  0    Dex: 21    Spells: 2/2 levels left

rFire   . . .      SeeInvis .    a - +0 shortbow
rCold   . . .      Faith    .    (shield currently unavailable)
rNeg    . . .      Spirit   .    c - +0 leather armour
rPois   .          Reflect  .    (no helmet)
rElec   .          Harm     .    (no cloak)
rCorr   .          Rampage  .    (no gloves)
Will    .....                    (no boots)
Stlth   ++                       (no amulet)
HPRegen 0.24/turn                e - +6 ring of strength
MPRegen 0.09/turn                (no ring)

@: no status effects
A: high MP 1, forlorn, divine attributes
a: no special abilities


You were on level 2 of the Dungeon.
You visited 1 branch of the dungeon, and saw 3 of its levels.

You collected 60 gold pieces.

Inventory:

Hand Weapons
 a - a +0 shortbow (weapon)
Armour
 c - a +0 leather armour (worn)
Jewellery
 e - a +6 ring of strength (left hand)
Scrolls
 b - a scroll of immolation
 f - a scroll of teleportation
 h - a scroll of amnesia {unknown}
 i - a scroll of blinking {unknown}
 j - a scroll of identify
Potions
 d - 2 potions of curing {unknown}
 g - a potion of heal wounds {unknown}


   Skills:
 - Level 1.7 Fighting
 + Level 4.9 Ranged Weapons
 - Level 1.7 Dodging
 - Level 0.8 Stealth


You had 2 spell levels left.
You didn't know any spells.
Your spell library was empty.

Dungeon Overview and Level Annotations

Branches:
Dungeon (3/15)

Shops:
D:2 [

Annotations:
D:2 1 runed translucent door, Crazy Yiuf


Innate Abilities, Weirdness & Mutations

You have an increased reservoir of magic. (+10% MP)
You shall have no god before yourself.
Your divine heritage dramatically boosts your attributes as you level up.


Message History

There is a stone staircase leading down here.
You shoot an arrow. The arrow hits the orc.
The orc is heavily wounded.
The orc barely misses you.
You shoot an arrow. The arrow hits the orc!
You kill the orc!
No target in view!
You start resting.
HP restored.
You climb downwards.
The orc hits you with a +0 whip. The orc closely misses you.
The orc priest barely misses you.
There is a stone staircase leading up here.
The orc barely misses you.
The orc priest hits you with a +0 dagger.
The orc closely misses you.
You climb upwards.
Level annotation: 1 runed translucent door, Crazy Yiuf
There is a stone staircase leading down here.
You shoot an arrow. The arrow hits the orc priest.
The orc priest is lightly wounded.
The orc misses you. The orc priest barely misses you.
You shoot an arrow. The arrow hits the orc priest.
The orc priest is heavily wounded.
The orc barely misses you.
The orc priest hits you with a +0 dagger.
You shoot an arrow. The arrow barely misses the orc priest.
The orc hits you with a +0 whip.
The orc priest hits you but does no damage.
You shoot an arrow. The arrow hits the orc priest.
The orc priest is severely wounded.
The orc barely misses you.
The orc priest hits you with a +0 dagger.
The orc hits you but does no damage.
The orc priest calls down the wrath of Beogh upon you.
Beogh smites you!
* * * LOW HITPOINT WARNING * * *
You shoot an arrow.
The arrow closely misses the orc priest.
The orc hits you with a +0 whip.
You die...

#.#.#.############.#
#.#.#.....>...!....#
#.#.#############..#
#.#.# #..#
..#.#############..#
###.............#..#
................#..#
#################..#
...............o@o.#
#################[##
...# #......### #.#
##.# #.#......# #.#
##.###.#.#.##.# #.#
##.....#.#.##.# #.#
########.#.##.# #.#
.........#..#.# #.#
###########.#.# #.#


You could see an orc priest and an orc.

Vanquished Creatures
  An adder (D:2)
  2 dart slugs
  2 orcs (D:2)
  4 ball pythons
  4 endoplasms (D:1)
  3 giant cockroaches
  A goblin (D:2)
  A hobgoblin (D:1)
  4 jackals (D:1)
  2 quokkas
  3 bats
  4 frilled lizards (D:1)
  3 kobolds
  3 rats
37 creatures vanquished.

Notes
Turn   | Place    | Note
-------+----------+-------------------------------------------
     0 | D:1      | HoaS the Demigod Hunter began the quest for the Orb.
     0 | D:1      | Reached XP level 1. HP: 17/17 MP: 3/3
   101 | D:1      | Reached skill level 4 in Ranged Weapons
   187 | D:1      | Reached XP level 2. HP: 20/24 MP: 4/4
   875 | D:2      | Identified the +0 leather armour of Charity {rF+ Str-2
                  | Int+4}
   887 | D:2      | Found Ibienkuota's Armour Shop.
  1030 | D:2      | Reached XP level 3. HP: 29/29 MP: 5/5
  1446 | D:2      | Found a runed translucent door.
  1447 | D:2      | Noticed Crazy Yiuf
  1918 | D:2      | HP: 1/29 [orc priest/divine providence (11)]
  1919 | D:2      | Slain by an orc

Illustrated notes

Levels and vault maps discovered:
D:1:      noname_arrival_rooms_in_the_neighbourhood, layout_basic,
          minmay_misc_feat_cross
D:2:      layout_basic, serial_shops, shop_statue, uniq_crazy_yiuf_cottage
D:3:      layout_rooms, trog_hazing_becter, grunt_dithmenos_smoke_and_mirrors

Skill      XL: |  1 |
---------------+----+-----
Ranged Weapons | 4 |  4.9
Fighting       | |  1.7
Dodging        | |  1.7
Stealth        | |  0.8

Action                     || total
---------------------------++-------
   Fire: Shortbow          ||   105
    Use: Scroll            ||     3
 Armour: Leather armour    ||    14
  Dodge: Dodged            ||    40

Table legend: (Time is in decaauts)
 A = Elapsed time spent in this place.
 B = Non-inter-level travel time spent in this place.
 C = Inter-level travel time spent in this place.
 D = Time resting spent in this place.
 E = Time spent auto-exploring this place.
 F = Levels seen in this place.
 G = Mean time per level.
                   A        B        C        D        E       F      G
               +--------+--------+--------+--------+--------+-----+--------+
         Total |   1955 |   1907 |     48 |     58 |   1623 |   3 |  651.7 |
       Dungeon |   1955 |   1907 |     48 |     58 |   1623 |   3 |  651.7 |
               +--------+--------+--------+--------+--------+-----+--------+

Top non-repeatable levels by time:
     D:2: 1105 daAuts
     D:1: 843 daAuts
     D:3: 6 daAuts
